 Dungeon Crawl Stone Soup version 0.28-a0-309-gf6d37e6e1d (webtiles) character file.

Game seed: 5564172405832512817

1373 McIrco the Slicer (level 8, -1/51 HPs)
             Began as a Kobold Berserker on Aug 30, 2021.
             Was a Believer of Trog.
             Killed from afar by a steam dragon (16 damage)
             ... with a ball of steam
             ... on level 6 of the Dungeon.
             The game lasted 00:06:46 (7996 turns).

McIrco the Slicer (Kobold Berserker)                Turns: 7996, Time: 00:06:46

Health: -1/51      AC:  5    Str: 16    XL:     8   Next: 98%
Magic:  8/8        EV: 17    Int: 18    God:    Trog [**....]
Gold:   244        SH:  0    Dex: 15    Spells: 7/7 levels left

rFire   . . .      SeeInvis .   o - +2 dagger (vamp)
rCold   . . .      Faith    .   (shield restricted)
rNeg    . . .      Spirit   .   B - +1 leather armour of Dogroico {Rampage Regen+ Int+10}
rPois   .          Reflect  .   y - +0 helmet
rElec   .          Harm     .   (no cloak)
rCorr   .          Rampage  +   (no gloves)
Will    ++...                   (no boots)
Stlth   ++........              (no amulet)
HPRegen 2.17/turn               k - ring of flight
MPRegen 0.11/turn               (no ring)

@: strong-willed, on berserk cooldown, flying, regenerating, slowed, very slow
A: small, no large weapons, nightstalker 3
a: Renounce Religion, Berserk, Trog's Hand


You were on level 6 of the Dungeon.
You worshipped Trog.
Trog was pleased with you.
You visited 1 branch of the dungeon, and saw 6 of its levels.

You collected 244 gold pieces.

Inventory:

Hand Weapons
 a - a +0 short sword
 i - a +1 dagger of holy wrath
 o - a +2 vampiric dagger (weapon)
Missiles
 e - 2 throwing nets (quivered)
Armour
 b - a +0 animal skin
 y - a +0 helmet (worn)
 B - the +1 leather armour of Dogroico (worn) {Rampage Regen+ Int+10}
   (You found it on level 6 of the Dungeon)

   Int:       It affects your intelligence (+10).
   Regen:     It increases your rate of health regeneration.
   Rampage:   It bestows one free step when moving towards enemies.
Jewellery
 k - a ring of flight (left hand)
Wands
 t - a wand of acid (10)
 v - a wand of polymorph (6)
 z - a wand of iceblast (6)
Scrolls
 d - a scroll of enchant armour {unknown}
 g - 5 scrolls of teleportation {unknown}
 h - 11 scrolls of identify {unknown}
 m - a scroll of enchant weapon {unknown}
 n - a scroll of torment {unknown}
 p - a scroll of holy word {unknown}
 q - a scroll of fear {unknown}
 r - 3 scrolls of blinking {unknown}
 s - a scroll of fog {unknown}
 x - a scroll of noise {unknown}
 A - a scroll of amnesia {unknown}
Potions
 c - 2 potions of attraction {unknown}
 f - 5 potions of might {unknown}
 j - 4 potions of ambrosia {unknown}
 l - 2 potions of lignification {unknown}
 u - a potion of curing {unknown}
 w - a potion of resistance {unknown}


   Skills:
 + Level 6.0 Fighting
 + Level 10.1 Short Blades
 + Level 1.6 Armour
 + Level 7.4 Dodging


You had 7 spell levels left.
You didn't know any spells.
Your spell library was empty.

Dungeon Overview and Level Annotations

Branches:
Dungeon (6/15)             Temple (0/1) D:4

Altars:
Makhleb
Ru
The Shining One

Shops:
D:3 *

Annotations:
D:3 1 runed translucent door, Crazy Yiuf


Innate Abilities, Weirdness & Mutations

You are small and have problems with some larger weapons.
You are completely attuned to the shadows.


Message History

You are no longer berserk.
You are exhausted.
You feel yourself slow down.
A steam dragon comes into view.
A steam dragon is nearby!
A steam dragon is nearby!
The steam dragon hisses angrily.
The steam dragon breathes steam at you. The ball of steam hits you!
* * * LOW HITPOINT WARNING * * *
You are engulfed in a cloud of scalding steam.
* * * LOW HITPOINT WARNING * * *
Okay, then.
Unknown command.
Unknown command.
Okay, then.
Unknown command.
Your skin crawls.
You feel strong-willed.
You are engulfed in a cloud of scalding steam.
* * * LOW HITPOINT WARNING * * *
Unknown command.
Unknown command.
You're still recovering from your berserk rage.
You hit the steam dragon.
You feel better.
The steam dragon is lightly wounded.
You hit the steam dragon but do no damage.
The steam dragon is lightly wounded.
The steam dragon misses you. The steam dragon closely misses you.
You closely miss the steam dragon.
The steam dragon is lightly wounded.
The steam dragon bites you but does no damage.
The steam dragon closely misses you.
You hit the steam dragon but do no damage.
The steam dragon is lightly wounded.
You hit the steam dragon.
The steam dragon is lightly wounded.
The steam dragon breathes steam at you. The ball of steam hits you!
You die...

####≈≈≈ ##§≈≈... #≈≈...#
#§.⌠..# .#...#.....# #
.....##.D.## # .#...###@## #
.....##...## ########
#........... #.......
...#.######## #....... #.#.#.#
###....... ###.#.#.#
#......[.. .. .....#.#
#.#.......
..###.#.#.###########.#.......
...................(..##.#####


You could see a steam dragon (catching breath).

Vanquished Creatures
  A steam dragon (D:6)
  A water moccasin (D:6)
  An ice beast (D:6)
  A black bear (D:5)
  A necrophage (D:4)
  An ogre (D:6)
  A centaur (D:6)
  2 phantoms (D:5)
  2 orc priests (D:5)
  4 hounds
  A bullfrog skeleton (D:5)
  3 centaur skeletons
  3 iguanas
  An orc wizard (D:5)
  3 gnolls (D:5)
  4 adders
  An ufetubus (D:5)
  3 dart slugs
  10 orcs
  8 endoplasms
  9 goblins
  4 hobgoblins
  8 quokkas
  10 ball pythons
  7 bats
  4 frilled lizards
  7 kobolds
  5 rats
106 creatures vanquished.

Notes
Turn   | Place    | Note
-------+----------+-------------------------------------------
     0 | D:1      | McIrco the Kobold Berserker began the quest for the Orb.
     0 | D:1      | Reached XP level 1. HP: 14/14 MP: 1/1
   153 | D:1      | Reached XP level 2. HP: 19/19 MP: 2/2
  1449 | D:2      | Reached XP level 3. HP: 23/24 MP: 3/3
  1471 | D:2      | Reached skill level 5 in Short Blades
  1825 | D:2      | Reached ** piety under Trog
  1826 | D:2      | Reached XP level 4. HP: 29/29 MP: 4/4
  3300 | D:3      | Found Gulaogg's General Store.
  3390 | D:3      | Reached skill level 6 in Short Blades
  3390 | D:3      | Reached XP level 5. HP: 7/33 MP: 5/5
  4020 | D:3      | Found a runed translucent door.
  4023 | D:3      | Noticed Crazy Yiuf
  4749 | D:4      | Noticed a necrophage
  4767 | D:4      | Killed a necrophage
  4768 | D:4      | Reached skill level 7 in Short Blades
  4768 | D:4      | Reached XP level 6. HP: 31/39 MP: 6/6
  5270 | D:4      | Found a staircase to the Ecumenical Temple.
  5332 | D:4      | Found a sacrificial altar of Ru.
  5341 | D:4      | Found a burning altar of Makhleb.
  5469 | D:5      | Entered Level 5 of the Dungeon
  5564 | D:5      | Reached XP level 7. HP: 40/44 MP: 7/7
  5754 | D:5      | Reached skill level 8 in Short Blades
  5958 | D:5      | Reached skill level 5 in Fighting
  6179 | D:5      | Reached *** piety under Trog
  6180 | D:5      | Reached skill level 5 in Dodging
  6312 | D:5      | Reached XP level 8. HP: 49/49 MP: 8/8
  6707 | D:5      | Reached skill level 9 in Short Blades
  6988 | D:6      | Found a glowing golden altar of the Shining One.
  7235 | D:6      | Identified the +1 leather armour of Dogroico {Rampage
                  | Regen+ Int+10}
  7985 | D:6      | Reached skill level 10 in Short Blades
  7996 | D:6      | Killed from afar by a steam dragon

Illustrated notes

Levels and vault maps discovered:
D:1:      sevenhm_arrival_forest_fort_small_4, layout_basic
D:2:      layout_basic
D:3:      layout_loops_corners, serial_shops, nicolae_diamond_shop,
          nrook_campfire, uniq_crazy_yiuf_cottage
D:4:      layout_basic, mainiacjoe_overflow_swirl, minmay_temple_entry_slanted
D:5:      layout_gridville
D:6:      cheibrodos_steamvent, layout_basic, nicolae_tso_swordbearing_angel

Skill      XL: |  1  2  3  4  5  6  7  8 |
---------------+-------------------------+-----
Short Blades   | 5 6 7 8 10 | 10.1
Fighting       | 4 5 6 |  6.0
Dodging        | 3 4 5 7 |  7.4
Armour         | |  1.6

Action                   |  1- 3 |  4- 6 |  7- 9 || total
-------------------------+-------+-------+-------++-------
Melee: Short sword       |    89 |   128 |       ||   217
       Dagger            |       |    50 |   186 ||   236
Invok: Berserk           |     3 |     4 |     9 ||    16
       Trog's Hand       |       |       |     1 ||     1
 Stab: Sleeping          |    10 |    16 |     3 ||    29
       Distracted        |       |     1 |       ||     1
Armor: Animal skin       |     8 |     8 |    10 ||    26
       Leather armour    |       |       |     4 ||     4
Dodge: Dodged            |    60 |    92 |   102 ||   254

Table legend: (Time is in decaauts)
 A = Elapsed time spent in this place.
 B = Non-inter-level travel time spent in this place.
 C = Inter-level travel time spent in this place.
 D = Time resting spent in this place.
 E = Time spent auto-exploring this place.
 F = Levels seen in this place.
 G = Mean time per level.
                   A        B        C        D        E       F      G
               +--------+--------+--------+--------+--------+-----+--------+
         Total |   7992 |   7703 |    289 |   1103 |   5862 |   6 | 1332.0 |
       Dungeon |   7992 |   7703 |    289 |   1103 |   5862 |   6 | 1332.0 |
               +--------+--------+--------+--------+--------+-----+--------+

Top non-repeatable levels by time:
     D:3: 1580 daAuts
     D:5: 1452 daAuts
     D:1: 1418 daAuts
     D:2: 1313 daAuts
     D:4: 1160 daAuts
     D:6: 1067 daAuts
